 Dungeon Crawl Stone Soup version 0.20.1-1-g8b1a95d (webtiles) character file.

81 rrrobi the Firebug (level 4, -2/31 HPs)
             Began as a Demonspawn Fire Elementalist on Nov 12, 2017.
             Slain by Crazy Yiuf
             ... wielding a +2 quarterstaff of chaos
              (4 damage)
             ... on level 2 of the Dungeon.
             The game lasted 00:40:12 (2687 turns).

rrrobi the Firebug (Demonspawn Fire Elementalist)   Turns: 2687, Time: 00:40:12

Health: -2/31      AC:  4    Str:  9    XL:     4   Next: 20%
Magic:  3/7        EV:  9    Int: 16    God:
Gold:   43         SH:  6    Dex: 14    Spells: 4/8 levels left

rFire    . . .     SeeInvis .   k - +0 mace
rCold    . . .     Gourm    .   J - +0 shield
rNeg     . . .     Faith    .   g - +0 leather armour
rPois    .         Spirit   .   (helmet restricted)
rElec    .         Reflect  .   (no cloak)
rCorr    .         Harm     .   (no gloves)
MR       .....                  D - +0 pair of boots
Stlth    ++........             B - amulet of regeneration
Regen    0.5/turn               (no ring)
MPRegen  0.1/turn               (no ring)

@: lethally poisoned (-2 -> -2), very slightly contaminated
A: horns 2
a: no special abilities


You were on level 2 of the Dungeon.
You were not hungry.

You visited 1 branch of the dungeon, and saw 2 of its levels.

You collected 43 gold pieces.

Inventory:

Hand Weapons
 k - a +0 mace (weapon)
 m - a +0 short sword
 r - a +0 club
 y - a +2 dagger of pain
 A - a +0 club
 C - a +0 dagger
 E - a +0 whip
 G - a +0 dagger
 I - a +0 whip
 K - a +0 club
 L - a +0 dagger
Missiles
 d - 18 sling bullets
 f - 17 poisoned needles
 n - 51 arrows
 p - 35 stones (quivered)
Armour
 a - a +0 robe
 g - a +0 leather armour (worn)
 h - a +0 leather armour
 v - a +0 buckler
 w - a +0 ring mail
 x - a +0 helmet of intelligence
 D - a +0 pair of boots (worn)
 J - a +0 shield (worn)
Jewellery
 B - an amulet of regeneration (around neck)
Scrolls
 e - a scroll of magic mapping {unknown}
 l - 5 scrolls of identify {unknown}
 o - a scroll of fear {unknown}
 F - a scroll of remove curse {unknown}
Potions
 i - a potion of invisibility {unknown}
 j - a potion of agility {unknown}
 s - a potion of curing
 t - a potion of resistance {unknown}
 u - 3 potions of mutation {unknown}
Books
 b - a book of Flames

   Spells                             Type                      Level
   a - Flame Tongue                   Conjuration/Fire             1
   b - Throw Flame                    Conjuration/Fire             2
   c - Conjure Flame                  Conjuration/Fire             3
   d - Inner Flame                    Hexes/Fire                   3
   e - Sticky Flame                   Conjuration/Fire             4
   f - Fireball                       Conjuration/Fire             5
Comestibles
 c - a bread ration
 q - a royal jelly
 z - 2 chunks of flesh
 H - 3 fruits


   Skills:
 + Level 0.8 Fighting
 + Level 0.5 Short Blades
 + Level 0.3 Maces & Flails
 + Level 0.5 Armour
 + Level 2.1 Dodging
 + Level 2.0 Stealth
 + Level 2.5 Spellcasting
 + Level 1.7 Conjurations
 + Level 3.2 Fire Magic


You had 4 spell levels left.
You knew the following spells:

 Your Spells              Type           Power        Failure   Level  Hunger
a - Flame Tongue          Conj/Fire      #....        56%         1    #......
b - Conjure Flame         Conj/Fire      #.......     90%         3    ###....


Dungeon Overview and Level Annotations

Branches:
Dungeon (2/15)

Altars:
Nemelex Xobeh

Annotations:
D:2 Crazy Yiuf


Innate Abilities, Weirdness & Mutations

You have a pair of horns on your head.


Message History

Casting: Conjure Flame
Confirm with . or Enter, or press ? or * to list all spells.
Aiming: Flame Tongue
Press: ? - help, Shift-Dir - straight line, f - Crazy Yiuf
Aim: Crazy Yiuf, wielding a quarterstaff of chaos and wearing a cloak (moderately wounded)
The flame tongue hits Crazy Yiuf.
Crazy Yiuf is heavily wounded.
You hit Crazy Yiuf.
Crazy Yiuf is heavily wounded.
Crazy Yiuf hits you but does no damage.
You barely miss Crazy Yiuf.
Crazy Yiuf is heavily wounded.
You feel sick. Crazy Yiuf hits you but does no damage.
You block Crazy Yiuf's attack.
You hit Crazy Yiuf.
Crazy Yiuf is severely wounded.
Crazy Yiuf hits you with a quarterstaff of chaos!
* * * LOW HITPOINT WARNING * * *
Crazy Yiuf freezes you.
You die...

#.......# ######### .....####.#
#....# #.# #....## #.# +.....#
#.# #.#...#
#.#######################
#+#...###........................
....>...########################.
.....##.##.....g@..........# #.
.....##.##.###############.# #.
.....##.##.# #.# #.
§....#⌠.⌠#'#### #.#####.
....g.._......# #.......
#.....⌠.⌠.....##### ########
#.....#...........#
#....##...........#
#...###...........#


You could see Crazy Yiuf.

Vanquished Creatures
  2 adders (D:2)
  3 worms
  2 leopard geckos (D:2)
  2 giant cockroaches
  5 goblins
  4 hobgoblins
  7 jackals
  6 kobolds (D:1)
  A ball python (D:2)
  9 bats
  3 frilled lizards
  10 rats
54 creatures vanquished.

Notes
Turn   | Place    | Note
-------+----------+-------------------------------------------
     0 | D:1      | rrrobi the Demonspawn Fire Elementalist began the quest for the Orb.
     0 | D:1      | Reached XP level 1. HP: 13/13 MP: 3/3
   276 | D:1      | Gained mutation: You have a pair of small horns on your head. [demonic ancestry]
   276 | D:1      | Reached XP level 2. HP: 10/19 MP: 1/5
   924 | D:1      | Reached skill level 3 in Fire Magic
   985 | D:2      | Reached XP level 3. HP: 15/24 MP: 1/6
  2032 | D:2      | Gained mutation: You have a pair of horns on your head. [demonic ancestry]
  2032 | D:2      | Reached XP level 4. HP: 30/31 MP: 0/7
  2407 | D:2      | Found a sparkling altar of Nemelex Xobeh.
  2478 | D:2      | Learned a level 3 spell: Conjure Flame
  2637 | D:2      | Found a runed door.
  2642 | D:2      | Noticed Crazy Yiuf
  2687 | D:2      | Slain by Crazy Yiuf

Skill      XL: |  1  2  3 |
---------------+----------+-----
Dodging        | 2 |  2.1
Fire Magic     | 3 |  3.2
Stealth        | 2 |  2.0
Fighting       | |  0.8
Short Blades   | |  0.5
Maces & Flails | |  0.3
Armour         | |  0.5
Spellcasting   | |  2.5
Conjurations   | |  1.7

Action                   |  1- 3 |  4- 6 || total
-------------------------+-------+-------++-------
Melee: Dagger            |     7 |       ||     7
       Mace              |    31 |    17 ||    48
       Headbutt          |     4 |     2 ||     6
Throw: Stone             |       |     5 ||     5
 Cast: Flame Tongue      |    64 |    13 ||    77
       Conjure Flame     |       |     1 ||     1
  Eat: Chunk             |     4 |     3 ||     7
Armor: Leather armour    |    39 |     8 ||    47
       Ring mail         |    27 |       ||    27
Dodge: Dodged            |   111 |    11 ||   122
Block: Buckler           |    23 |     2 ||    25
       Shield            |       |     4 ||     4
